AoeStats
← ZenSma

Acropolis

503326483Analyzed
1v1 RM · 1mo ago on Aug 31, 2026· 49m 0s· 2 players
Game mode
Random Map
Map size
Tiny (2 player)
Population
200
Speed
Normal
Resources
Standard
Victory
Conquest
Starting age
Dark Age
Ending age
Imperial Age
RankedLock teamsTeams togetherTeam positionsShared explorationLock speedFull tech treeHidden civsTurbo modeCheats
Victory
Defeat
🇦🇷 Poles · Argentina
1070
+17
🇻🇳 Vietnamese · Vietnam
1089
-17
HumanoArg
8:00 Loom
10:13 Feudal Age
12:36 Double-Bit Axe
12:40 Horse Collar
22:32 Bloodlines
23:17 Scale Barding Armor
23:24 Forging
26:30 Castle Age
26:18 Fletching
26:35 Light Cavalry
27:37 Chain Barding Armor
28:36 Iron Casting
30:31 Bow Saw
32:39 Wheelbarrow
34:17 Hand Cart
34:18 Heavy Plow
38:18 Town Watch
38:38 Husbandry
41:11 Imperial Age
40:33 Elite Skirmisher
41:15 Padded Archer Armor
41:25 Cavalier
43:14 Ballistics
43:55 Blast Furnace
42:58 Bodkin Arrow
43:18 Leather Archer Armor
44:03 Crop Rotation
45:19 Szlachta Privileges
45:33 Bracer
49:46 Chemistry
48:42 Murder Holes
49:42 Conscription
49:36 Siege Engineers
ZenSma
10:42 Feudal Age
16:57 Town Watch
16:57 Loom
26:35 Castle Age
26:23 Scale Mail Armor
27:49 Squires
33:06 Forging
32:46 Pikeman
38:13 Double-Bit Axe
40:32 Iron Casting
40:19 Town Watch
42:33 Town Patrol
43:43 Horse Collar
48:28 Imperial Age
Connection lost

Rejoining the realm…

Still unreachable

The connection could not be restored.

Session expired

The server has moved on; the page needs a fresh start.